 Dungeon Crawl Stone Soup version 0.26.1-11-gd32895ea62 (webtiles) character file.

Game seed: 3659157824273587539

565 Zeld the Gusty (level 7, 0/46 HPs)
             Began as an Octopode Air Elementalist on May 10, 2021.
             Slain by Grinder (3 damage)
             ... in a sewer.
             The game lasted 00:14:59 (7803 turns).

Zeld the Gusty (Octopode Air Elementalist)          Turns: 7803, Time: 00:15:00

Health: 0/46       AC:  1    Str:  7    XL:     7   Next: 32%
Magic:  8/12       EV: 15    Int: 20    God:
Gold:   251        SH:  0    Dex: 18    Spells: 5/13 levels left

rFire    . . .     SeeInvis .   (no weapon)
rCold    . . .     Faith    .   (no shield)
rNeg     . . .     Spirit   .   (helmet restricted)
rPois    .         Reflect  .   (no amulet)
rElec    .         Harm     .   c - +6 ring of dexterity
rCorr    .         Rampage  .   g - ring of willpower
Will     +....                  (no ring)
Stlth    +++.......             (no ring)
HPRegen  0.15/turn              (no ring)
MPRegen  0.13/turn              (no ring)
                                (no ring)
                                (no ring)

@: no status effects
A: almost no armour, stealthy swim, amphibious, 8 rings, constrict 8, camouflage
1, gelatinous body 1
a: no special abilities


You were in a sewer.
You visited 1 branch of the dungeon, and saw 5 of its levels.
You also visited: Sewer.

You collected 251 gold pieces.

Inventory:

Jewellery
 c - a +6 ring of dexterity (left tentacle)
 g - a ring of willpower (right tentacle)
Wands
 p - a wand of enslavement (8)
 s - a wand of random effects (20)
Scrolls
 b - 3 scrolls of amnesia
 e - 2 scrolls of remove curse
 h - 2 scrolls of blinking
 r - a scroll of enchant weapon {unknown}
 t - 2 scrolls of teleportation {unknown}
 u - a scroll of enchant armour {unknown}
Potions
 d - a potion of might {unknown}
 i - a potion of lignification {unknown}
 j - a potion of berserk rage
 k - a potion of haste
 l - 3 potions of brilliance
 o - 2 potions of resistance


   Skills:
 + Level 3.1 Fighting
 + Level 3.8 Dodging
 - Level 2.6 Stealth
 + Level 3.6 Spellcasting
 - Level 1.0 Conjurations
 * Level 5.6 Air Magic


You had 5 spell levels left.
You knew the following spells:

 Your Spells              Type           Power        Failure   Level
a - Shock                 Conj/Air       64%          3%          1
b - Static Discharge      Conj/Air       16%          11%         3
c - Airstrike             Air            13%          13%         4

Your spell library contained the following spells:

 Spells                   Type           Power        Failure   Level
 Swiftness                Air            26%          1%          2
 Lightning Bolt           Conj/Air       8%           67%         5


Dungeon Overview and Level Annotations

Branches:
Dungeon (5/15)              Sewer (1/1)
 Temple: D:4-7

Altars:
Dithmenos
Gozag
Qazlal

Shops:
D:5 =

Annotations:
Sewer Grinder


Innate Abilities, Weirdness & Mutations

You cannot wear most types of armour.
You are very stealthy in the water. (Stealth+)
You are amphibious.
You can wear up to eight rings at the same time.
You can use your tentacles to constrict eight enemies at once.
Your skin changes colour to match your surroundings (Stealth+).
Your rubbery body absorbs attacks. (AC +1, EV +1)


Message History

Confirm with . or Enter, or press ? or * to list all spells.
You don't know that spell.
You feel better.
The kobold throws a stone.
The stone hits you.
Casting: Shock (safe; 3% risk of failure)
Confirm with . or Enter, or press ? or * to list all spells.
Aiming: Shock (safe; 3% risk of failure)
Press: ? - help, Shift-Dir - straight line, f/p - Grinder
Aim: Grinder, carrying a wand of digging (3) (heavily wounded, 32% to evade)
Okay, then.
Casting: Shock (safe; 3% risk of failure)
Confirm with . or Enter, or press ? or * to list all spells.
Grinder is struck by an arc of lightning!
Grinder is severely wounded.
You are struck by an arc of lightning.
The lightning grounds out.
The kobold throws a stone.
The stone hits you.
* * * LOW HITPOINT WARNING * * *
Grinder hits you!
* * * LOW HITPOINT WARNING * * *
You writhe in agony.
You die...

#≈≈≈#≈≈≈≈≈≈#...#≈≈≈≈≈≈#
#≈≈≈#≈≈≈≈≈≈≈...≈≈≈≈≈≈≈#
#≈≈≈#≈≈≈≈≈≈≈...#≈≈≈≈≈≈#
#≈≈≈#≈≈≈≈≈≈#...#≈≈≈≈≈≈#
#≈≈≈#≈≈≈≈≈≈#...≈≈≈≈≈≈≈.##
#≈≈≈#≈≈≈≈≈≈#...#≈≈≈≈≈≈#.#
#≈≈≈#≈≈≈≈≈≈≈...#≈≈≈≈≈≈.##
#≈≈≈#≈≈≈≈≈≈#...#≈≈≈≈≈≈##
#≈≈≈#≈≈≈≈≈...≈5@.≈≈≈≈≈#
#≈≈.#≈≈≈≈..#≈≈≈#..≈≈≈≈#
#≈.≈#......#≈≈≈#......#
#≈≈≈#+#######≈##K.###+#
#≈≈≈#()...)#..........#
#≈..≈.≈≈≈≈.))...≈≈≈≈≈≈#
#≈≈≈#≈≈≈≈≈≈#)..#≈)≈≈≈≈#
#############)#########
###...### #####


You could see Grinder and a kobold.

Vanquished Creatures
  A big kobold (Sewer)
  A hound (D:4)
  A jelly (D:5)
  Jessica (D:3)
  Natasha (thrice) (D:3)
  An iguana (D:4)
  2 worker ants
  2 big kobold zombies (Sewer)
  A hound skeleton (D:2)
  6 adders
  3 gnolls (D:4)
  3 river rats (D:5)
  2 shadow imps (Sewer)
  2 oozes
  A worm (D:2)
  2 leopard geckos
  5 orcs
  A bat zombie (Sewer)
  4 giant cockroaches
  5 goblins
  4 hobgoblins
  23 kobolds
  3 quokkas
  A ball python (D:5)
  10 bats
  13 rats
101 creatures vanquished.

Vanquished Creatures (others)
  A big kobold zombie (Sewer)
  An ooze (Sewer)
  An adder zombie (Sewer)
3 creatures vanquished.

Grand Total: 104 creatures vanquished

Notes
Turn   | Place    | Note
-------+----------+-------------------------------------------
     0 | D:1      | Zeld the Octopode Air Elementalist began the quest for the
                  | Orb.
     0 | D:1      | Reached XP level 1. HP: 11/11 MP: 3/3
   249 | D:1      | Reached XP level 2. HP: 18/18 MP: 3/5
  1012 | D:2      | Found a stormy altar of Qazlal.
  1013 | D:2      | Noticed an earth elemental
  1016 | D:2      | Noticed an air elemental
  1016 | D:2      | Noticed a fire elemental
  1016 | D:2      | Noticed a water elemental
  1089 | D:2      | Reached XP level 3. HP: 20/22 MP: 1/6
  1093 | D:2      | Learned a level 3 spell: Static Discharge
  1265 | D:2      | Reached skill level 1 in Fighting
  1670 | D:2      | Reached XP level 4. HP: 28/28 MP: 3/7
  1852 | D:2      | Reached skill level 4 in Air Magic
  2490 | D:3      | Reached XP level 5. HP: 34/34 MP: 3/9
  2495 | D:3      | Learned a level 4 spell: Airstrike
  2955 | D:3      | Noticed Jessica
  2962 | D:3      | Killed Jessica
  3106 | D:3      | You fall into a shaft and drop 1 floor!
  3231 | D:4      | Reached XP level 6. HP: 32/39 MP: 1/10
  3581 | D:3      | Noticed Natasha
  3591 | D:3      | Killed Natasha
  4152 | D:3      | Noticed Natasha
  4159 | D:3      | Killed Natasha
  4997 | D:3      | Noticed Natasha
  5006 | D:3      | Killed Natasha
  5007 | D:3      | Reached skill level 5 in Air Magic
  5789 | D:4      | Found an opulent altar of Gozag.
  6129 | D:5      | Entered Level 5 of the Dungeon
  6151 | D:5      | Found Loluraqy's Jewellery Emporium.
  6201 | D:5      | Found a shadowy altar of Dithmenos.
  6422 | D:5      | Found a glowing drain.
  6427 | Sewer    | Entered a sewer
  6484 | Sewer    | Reached XP level 7. HP: 45/45 MP: 4/12
  7399 | Sewer    | Found a burning altar of Makhleb.
  7535 | Sewer    | Noticed Grinder
  7550 | Sewer    | Paralysed by Grinder for 2 turns
  7803 | Sewer    | Slain by Grinder

Illustrated notes

Levels and vault maps discovered:
D:1:      scummos_arrival_checkerplants, layout_loops_ring
D:2:      layout_basic, nicolae_qazlal_style_of_elements
D:3:      layout_loops_corners, grunt_ministairs_3, uniq_natasha, uniq_jessica
D:4:      lemuel_upstairs_altar, layout_loops_ring, marbit_many_paths
D:5:      layout_basic, good_gods_temple_1, portal_sewer_entry_e, serial_shops,
          shop, minmay_misc_feat_tiny, chequers_mini_garden,
          nicolae_dithmenos_shadow_blocks
Sewer:    kennysheep_sewer_church

Skill      XL: |  1  2  3  4  5  6  7 |
---------------+----------------------+-----
Fighting       | 1 2 3 |  3.1
Air Magic      | 4 5 |  5.6
Dodging        | 3 |  3.8
Spellcasting   | 3 |  3.6
Stealth        | |  2.6
Conjurations   | |  1.0

Action                   |  1- 3 |  4- 6 |  7- 9 || total
-------------------------+-------+-------+-------++-------
Melee: Unarmed           |    18 |     9 |     1 ||    28
       Tentacles         |     4 |     1 |     1 ||     6
       Constrict         |     4 |     3 |     1 ||     8
 Cast: Shock             |    63 |   155 |    80 ||   298
       Static Discharge  |       |       |     3 ||     3
Evoke: Wand              |       |       |     2 ||     2
  Use: Scroll            |       |     7 |       ||     7
       Potion            |       |       |     7 ||     7
Armor: Skin              |       |     3 |       ||     3
Dodge: Dodged            |    26 |    54 |     8 ||    88
